 Dungeon Crawl Stone Soup version 0.29-a0-330-g52719c12eb (webtiles) character file.

Game seed: 14976239232441378980

9 Alarak the Chopper (level 2, 0/26 HPs)
             Began as a Hill Orc Monk on Apr 21, 2022.
             Slain by a jackal (2 damage)
             ... on level 1 of the Dungeon.
             The game lasted 00:00:18 (321 turns).

Alarak the Chopper (Hill Orc Monk)                   Turns: 321, Time: 00:00:18

Health: 0/26       AC:  2    Str: 13    XL:     2   Next: 12%
Magic:  2/2        EV: 12    Int: 10    God:
Gold:   13         SH:  0    Dex: 13    Spells: 1/1 levels left

rFire   . . .      SeeInvis .   a - +0 hand axe
rCold   . . .      Faith    .   (no shield)
rNeg    . . .      Spirit   .   b - +0 robe
rPois   .          Reflect  .   (no helmet)
rElec   .          Harm     .   (no cloak)
rCorr   .          Rampage  .   (no gloves)
Will    .....                   (no boots)
Stlth   ++........              (no amulet)
HPRegen 0.08/turn               (no ring)
MPRegen 0.08/turn               (no ring)

@: no status effects
A: no striking features
a: no special abilities


You were on level 1 of the Dungeon.
You visited 1 branch of the dungeon, and saw 1 of its levels.

You collected 13 gold pieces.

Inventory:

Hand Weapons
 a - a +0 hand axe (weapon)
Armour
 b - a +0 robe (worn)
Scrolls
 d - 2 scrolls of identify {unknown}
 e - a scroll of noise {unknown}
Potions
 c - a potion of ambrosia


   Skills:
 - Level 3.6 Fighting
 + Level 4.8 Axes
 - Level 2.4 Dodging
 - Level 1.5 Stealth


You had one spell level left.
You didn't know any spells.
Your spell library was empty.

Dungeon Overview and Level Annotations

Branches:
Dungeon (1/15)

Altars:


Message History

You are too injured to fight recklessly!
You are too injured to fight recklessly!
You are too injured to fight recklessly!
You are too injured to fight recklessly!
You are too injured to fight recklessly!
You are too injured to fight recklessly!
Unknown command.
You hit the kobold.
You kill the kobold!
You hit the jackal. You closely miss the bat. You hit the jackal.
The bat barely misses you. The jackal barely misses you. The jackal misses you.
The jackal barely misses you.
You have reached level 2!
The jackal attacks as you move away! The jackal barely misses you.
The bat attacks as you move away! The bat closely misses you. x2
The bat barely misses you. The jackal misses you. x2
Things that are here:
a +0 dagger; 3 stones; a kobold corpse You hit the jackal but do no damage.
The jackal is severely wounded.
You hit the jackal.
You kill the jackal!
You completely miss the bat. The bat hits you.
* * * LOW HITPOINT WARNING * * *
The jackal barely misses you. The bat hits you but does no damage.
The jackal closely misses you.
You closely miss the jackal. You punch the jackal, but do no damage.
The jackal is severely wounded.
The bat hits you.
* * * LOW HITPOINT WARNING * * *
The jackal bites you.
* * * LOW HITPOINT WARNING * * *
The jackal bites you but does no damage.
You barely miss the jackal.
The jackal is severely wounded.
The bat barely misses you. The jackal barely misses you.
You closely miss the jackal.
The jackal is severely wounded.
The bat closely misses you. The jackal bites you.
You die...

.... ..... ...... ......
......##################
.....#..................
...............########.
#....b@.......#........
#...#.h)......#.#######
#.#...........#.#......
#...(.....#.#.#.####.
...............# #....
#####.........#.# #.###
.....#######.# #.#..
#..... #.# #.#.. .. #.+
#.#.<


You could see a jackal and a bat.

Vanquished Creatures
  An endoplasm (D:1)
  2 hobgoblins (D:1)
  2 jackals (D:1)
  2 kobolds (D:1)
7 creatures vanquished.

Notes
Turn   | Place    | Note
-------+----------+-------------------------------------------
     0 | D:1      | Alarak the Hill Orc Monk began the quest for the Orb.
     0 | D:1      | Reached XP level 1. HP: 19/19 MP: 1/1
   317 | D:1      | Reached XP level 2. HP: 5/26 MP: 2/2
   319 | D:1      | HP: 1/26 [jackal (2)]
   321 | D:1      | Slain by a jackal

Illustrated notes

Levels and vault maps discovered:
D:1:      matt_arrival_refuge, layout_basic

Action                   || total
-------------------------++-------
Melee: Hand axe          ||    30
       Punch             ||     1
Armor: Robe              ||     7
Dodge: Dodged            ||    36

Table legend: (Time is in decaauts)
 A = Elapsed time spent in this place.
 B = Non-inter-level travel time spent in this place.
 C = Inter-level travel time spent in this place.
 D = Time resting spent in this place.
 E = Time spent auto-exploring this place.
 F = Levels seen in this place.
 G = Mean time per level.
                   A        B        C        D        E       F      G
               +--------+--------+--------+--------+--------+-----+--------+
         Total |    323 |    323 |      0 |    108 |    167 |   1 |  323.0 |
       Dungeon |    323 |    323 |      0 |    108 |    167 |   1 |  323.0 |
               +--------+--------+--------+--------+--------+-----+--------+

Top non-repeatable levels by time:
     D:1: 323 daAuts
